 Dungeon Crawl Stone Soup version 0.19.0-2-gae57169 (webtiles) character file.

628 MovingMist the Shield-Bearer (level 7, -3/44 HPs)
             Began as a Gargoyle Fighter on Nov 6, 2016.
             Slain by a gnoll
             ... wielding a +3 halberd
              (9 damage)
             ... while paralysed by Grinder
             ... on level 4 of the Dungeon.
             The game lasted 00:07:41 (2237 turns).

MovingMist the Shield-Bearer (Gargoyle Fighter)     Turns: 2237, Time: 00:07:41

Health: -3/44      AC: 13    Str: 19    XL:     7   Next: 48%
Magic:  7/7        EV:  2    Int:  9    God:
Gold:   231        SH:  0    Dex: 11    Spells: 0 memorised, 6 levels left

rFire  . . .     SeeInvis .     v - +2 flail (drain)
rCold  . . .     Gourm    .     i - +0 chain mail
rNeg   + . .     Faith    .     c - +0 shield
rPois  ∞         Spirit   .     (no helmet)
rElec  +         Reflect  .     (no cloak)
rCorr  .         Harm     .     (no gloves)
MR     .....                    (no boots)
Stlth  ..........               (no amulet)
                                (no ring)
                                (no ring)

@: paralysed
A: negative energy resistance 1, electricity resistance, unbreathing,
petrification resistance, rot immunity, AC +4
a: no special abilities


You were on level 4 of the Dungeon.
You were not hungry.

You visited 1 branch of the dungeon, and saw 4 of its levels.

You collected 231 gold pieces.

Inventory:

Hand Weapons
 a - a +0 flail
 v - a +2 flail of draining (weapon)
Missiles
 q - 2 throwing nets (quivered)
Armour
 c - a +0 shield (worn)
 i - a +0 chain mail (worn)
Wands
 m - a wand of disintegration (12/24)
 w - a wand of polymorph (0/24)
Scrolls
 e - a scroll of amnesia
 j - 2 scrolls of magic mapping
 k - a scroll of remove curse
 o - 3 scrolls of identify {unknown}
 r - a scroll of noise {unknown}
 s - 2 scrolls of recharging {unknown}
 u - a scroll of teleportation {unknown}
 x - 2 scrolls of enchant armour {unknown}
 y - a scroll of fog
Potions
 b - a potion of agility {unknown}
 d - a potion of might
 h - a potion of brilliance {unknown}
 l - a potion of heal wounds {unknown}
 n - a potion of flight {unknown}
Comestibles
 f - a bread ration
 g - 6 chunks of flesh
 p - a meat ration
 t - a beef jerky


   Skills:
 - Level 5.2 Fighting
 + Level 3.9 Maces & Flails
 - Level 3.2 Armour
 * Level 3.5 Dodging
 + Level 5.3 Shields


You had 6 spell levels left.
You didn't know any spells.

Dungeon Overview and Level Annotations

Branches:
Dungeon (4/15)
 Temple: D:4-7

Altars:
Elyvilon
Makhleb

Annotations:
D:4 Grinder


Innate Abilities, Weirdness & Mutations

You are resistant to torment.
Your stone body is resilient. (AC +4)
You are immune to poison.
You resist negative energy. (rN+)
You are resistant to electric shocks. (rElec)
You can survive without breathing.
You are immune to petrification.
You are immune to rotting.


Message History

You block the gnoll's attack.
There is an open door here.
Your shield and chain mail prevent you from hitting the gnoll.
Grinder hits you.
You writhe in agony.
You block Grinder's attack. You block the gnoll's attack.
You closely miss the gnoll. Grinder hits you but does no damage.
You block Grinder's attack.
The gnoll hits you with an enchanted halberd!
* * * LOW HITPOINT WARNING * * *
Your shield and chain mail prevent you from hitting the gnoll.
Grinder blinks!
You block the worker ant's attack. The gnoll barely misses you.
The worker ant bites you but does no damage.
You closely miss the gnoll. You block the worker ant's attack.
The gnoll hits you with an enchanted halberd!
* * * LOW HITPOINT WARNING * * *
Grinder gestures at you.
You suddenly lose the ability to move!
The worker ant bites you but does no damage.
The gnoll hits you with an enchanted halberd!
You die...

#.................#
#.....#(#.#.#.#.#.# ..
#.................#
..<
#.......###########
.a.. #.5.....#
..?.##########.......#
$............#......<#
............()g.a....#
#...†......##@#######
#....÷.....##.).....#
#........<.##.......#
#..........##.....).#
#..........##.#..#)##
#############.#..#(#
#.#..#.# #.####.# #..
..#


You could see Grinder, a worker ant and a gnoll.

Vanquished Creatures
  Sigmund (D:2)
  Edmund (D:4)
  The ghost of Xiguana the Charmwright, an amateur HESk (D:3)
  2 hounds (D:4)
  An orc priest (D:4)
  Terence (D:2)
  4 adders
  2 gnolls (D:4)
  3 oozes (D:1)
  An adder skeleton (D:4)
  A worm (D:3)
  2 dart slugs
  3 leopard geckos
  5 orcs (D:4)
  10 bats
  4 goblins
  5 hobgoblins
  6 jackals
  A quokka (D:3)
  4 ball pythons
  7 frilled lizards
  11 kobolds
  11 rats
87 creatures vanquished.

Notes
Turn   | Place    | Note
-------+----------+-------------------------------------------
     0 | D:1      | MovingMist the Gargoyle Fighter began the quest for the Orb.
     0 | D:1      | Reached XP level 1. HP: 14/14 MP: 1/1
    95 | D:1      | Reached XP level 2. HP: 19/19 MP: 2/2
   283 | D:1      | Reached XP level 3. HP: 18/24 MP: 3/3
   379 | D:1      | Reached skill level 1 in Dodging
   728 | D:2      | Reached XP level 4. HP: 27/29 MP: 4/4
   768 | D:2      | Noticed Sigmund
   791 | D:2      | Killed Sigmund
   791 | D:2      | Reached skill level 5 in Fighting
   791 | D:2      | Reached XP level 5. HP: 34/35 MP: 5/5
   805 | D:2      | Noticed Terence
   827 | D:2      | Killed Terence
   827 | D:2      | Reached XP level 6. HP: 40/40 MP: 6/6
  1326 | D:3      | Noticed Xiguana's ghost (amateur HESk)
  1348 | D:3      | Killed Xiguana's ghost
  1600 | D:3      | Found a burning altar of Makhleb.
  1885 | D:4      | Noticed Edmund
  1953 | D:4      | Killed Edmund
  1953 | D:4      | Reached skill level 5 in Shields
  1953 | D:4      | Reached XP level 7. HP: 18/44 MP: 7/7
  1967 | D:4      | Found a white marble altar of Elyvilon.
  2209 | D:4      | Noticed Grinder
  2236 | D:4      | Paralysed by Grinder for 4 turns
  2237 | D:4      | Slain by a gnoll

Skill      XL: |  1  2  3  4  5  6 |
---------------+-------------------+-----
Dodging        | 1 3 |  3.5
Fighting       | 4 5 |  5.2
Maces & Flails | 3 |  3.9
Shields        | 4 5 |  5.3
Armour         | |  3.2

Action                   |  1- 3 |  4- 6 |  7- 9 || total
-------------------------+-------+-------+-------++-------
Melee: Flail             |   145 |   196 |    30 ||   371
       Unarmed           |       |    40 |       ||    40
  Use: Scroll            |       |     5 |       ||     5
  Eat: Chunk             |       |     4 |     1 ||     5
Armor: Scale mail        |    82 |       |       ||    82
       Chain mail        |     7 |   120 |    20 ||   147
Dodge: Dodged            |    59 |    69 |    10 ||   138
Block: Shield            |    80 |   123 |    24 ||   227
